 Dungeon Crawl Stone Soup version 0.27-a0-965-gbf8bb431c4 (webtiles) character file.

Game seed: 9736384459971100984

100 leviel the Skirmisher (level 4, -7/41 HPs)
             Began as a Minotaur Fighter on Apr 12, 2021.
             Mangled by an orc warrior
             ... wielding a +0 long sword
              (13 damage)
             ... on level 3 of the Dungeon.
             The game lasted 00:02:25 (2129 turns).

leviel the Skirmisher (Minotaur Fighter)            Turns: 2129, Time: 00:02:26

Health: -7/41      AC:  7    Str: 22    XL:     4   Next: 46%
Magic:  3/3        EV:  7    Int:  5    God:
Gold:   127        SH:  9    Dex:  9    Spells: 3/3 levels left

rFire    . . .     SeeInvis .   a - +0 war axe
rCold    . . .     Faith    .   c - +0 kite shield
rNeg     . . .     Spirit   .   b - +0 scale mail
rPois    .         Reflect  .   (helmet restricted)
rElec    .         Harm     .   (no cloak)
rCorr    .         Rampage  .   (no gloves)
Will     .....                  (no boots)
Stlth    ..........             (no amulet)
HPRegen  0.13/turn              (no ring)
MPRegen  0.08/turn              (no ring)

@: mighty
A: horns 2, retaliatory headbutt
a: no special abilities


You were on level 3 of the Dungeon.
You visited 1 branch of the dungeon, and saw 3 of its levels.

You collected 127 gold pieces.

Inventory:

Hand Weapons
 a - a +0 war axe (weapon)
Armour
 b - a +0 scale mail (worn)
 c - a +0 kite shield (worn)
Jewellery
 i - a ring of magical power
Scrolls
 g - a scroll of blinking
 h - 2 scrolls of enchant weapon {unknown}
 j - a scroll of teleportation {unknown}
 k - a scroll of vulnerability {unknown}
 m - a scroll of immolation {unknown}
Potions
 e - a potion of curing {unknown}
 f - a potion of heal wounds {unknown}
 l - a potion of lignification {unknown}
 n - a potion of resistance {unknown}


   Skills:
 + Level 4.9 Fighting
 + Level 4.0 Axes
 - Level 4.0 Armour
 - Level 3.9 Shields


You had 3 spell levels left.
You didn't know any spells.
Your spell library was empty.

Dungeon Overview and Level Annotations

Branches:
Dungeon (3/15)

Altars:
Dithmenos
Hepliaklqana
Vehumet


Innate Abilities, Weirdness & Mutations

You have a pair of horns on your head.
You reflexively headbutt those who attack you in melee.


Message History

The quokka bites you but does no damage.
You closely miss the orc. You barely miss the quokka.
You block the quokka's attack. The orc hits you with a +0 mace.
The quokka barely misses you. You block the orc's attack.
You closely miss the orc warrior. Your headbutt misses the orc warrior.
You barely miss the quokka. You hit the orc.
The quokka bites you but does no damage.
The orc warrior hits you with a +0 long sword.
The orc hits you with a +0 mace. The quokka bites you.
The orc warrior hits you with a +0 long sword!
You slash the orc!
You kill the orc!
You hit the quokka. You hit the orc warrior. The quokka barely misses you.
You block the orc warrior's attack. The orc hits you but does no damage.
The quokka bites you.
Okay, then.
Blink to where?
Press: ? - help, Dir - move target
As you read the scroll labelled XANOLI GAAR, it crumbles to dust.
It was a scroll of blinking.
You slash the orc!
You kill the orc!
The quokka bites you but does no damage.
You hit the quokka.
The quokka is heavily wounded.
The quokka barely misses you. You furiously retaliate!
You headbutt the quokka.
You kill the quokka!
You barely miss the orc warrior.
The orc warrior is lightly wounded.
The orc warrior barely misses you. You block the orc warrior's attack.
You barely miss the orc warrior.
The orc warrior is lightly wounded.
The orc warrior hits you with a +0 long sword!
You feel very mighty all of a sudden.
The orc warrior hits you with a +0 long sword!
* * * LOW HITPOINT WARNING * * *
You slash the orc warrior!
The orc warrior is heavily wounded.
The orc warrior hits you with a +0 long sword!
You die...

)## ##.. ..##
########.....
..<#######........#
...............###
...###..######.##
..####.## #..# .##
#..########.##
#####.###.....#..# ...##.#
#.....##@# ...#..#
#.....##o# .....##
#[)...##o# ...###
#.....##o# ...#
#.....##.## ...#
#....)##..# .(.#
#.....###.####.###
...######....<##...!......
........#.....##...)......


You could see an orc warrior and 2 orcs.

Vanquished Creatures
  4 adders
  A worm (D:2)
  3 orcs (D:3)
  5 endoplasms
  A giant cockroach (D:2)
  9 goblins
  A hobgoblin (D:1)
  6 jackals (D:1)
  2 kobolds
  3 quokkas
  7 ball pythons
  7 bats
  4 frilled lizards
  3 rats
56 creatures vanquished.

Notes
Turn   | Place    | Note
-------+----------+-------------------------------------------
     0 | D:1      | leviel the Minotaur Fighter began the quest for the Orb.
     0 | D:1      | Reached XP level 1. HP: 19/19 MP: 0/0
   224 | D:1      | Reached XP level 2. HP: 27/27 MP: 1/1
  1108 | D:2      | Found a radiant altar of Vehumet.
  1119 | D:2      | Reached XP level 3. HP: 32/33 MP: 2/2
  1746 | D:3      | Reached XP level 4. HP: 36/41 MP: 3/3
  1796 | D:3      | Found a hazy altar of Hepliaklqana.
  1893 | D:3      | Found a shadowy altar of Dithmenos.
  2111 | D:3      | Noticed an orc warrior
  2129 | D:3      | Mangled by an orc warrior

Illustrated notes

Levels and vault maps discovered:
D:1:      dpeg_arrival_shrine, layout_basic
D:2:      layout_loops_ring, basic_altar
D:3:      layout_rooms, nicolae_hepliaklqana_hazy_memory,
          nicolae_dithmenos_the_darkroom, minmay_unequal

Skill      XL: |  1  2  3  4 |
---------------+-------------+-----
Armour         | 4 |  4.0
Fighting       | 4 |  4.9
Axes           | 3 4 |  4.0
Shields        | |  3.9

Action                   |  1- 3 |  4- 6 || total
-------------------------+-------+-------++-------
Melee: War axe           |    92 |    30 ||   122
       Headbutt          |    17 |     5 ||    22
  Use: Scroll            |       |     1 ||     1
       Potion            |       |     1 ||     1
Armor: Scale mail        |    33 |    15 ||    48
Dodge: Dodged            |    44 |    15 ||    59
Block: Kite shield       |    55 |    19 ||    74

Table legend: (Time is in decaauts)
 A = Elapsed time spent in this place.
 B = Non-inter-level travel time spent in this place.
 C = Inter-level travel time spent in this place.
 D = Time resting spent in this place.
 E = Time spent auto-exploring this place.
 F = Levels seen in this place.
 G = Mean time per level.
                   A        B        C        D        E       F      G
               +--------+--------+--------+--------+--------+-----+--------+
         Total |   2199 |   2122 |     77 |      0 |   1786 |   3 |  733.0 |
       Dungeon |   2199 |   2122 |     77 |      0 |   1786 |   3 |  733.0 |
               +--------+--------+--------+--------+--------+-----+--------+

Top non-repeatable levels by time:
     D:1: 1148 daAuts
     D:2: 634 daAuts
     D:3: 416 daAuts
